 Dungeon Crawl Stone Soup version 0.30.1-11-g7821555f0a (webtiles) character file.

Game seed: 3464351148106074290

759 Peloso the Slasher (level 7, 0/61 HPs)
             Began as a Minotaur Fighter on Nov 11, 2023.
             Succumbed to a hornet's poison
             ... while paralysed by a hornet
             ... on level 5 of the Dungeon.
             The game lasted 00:07:04 (4120 turns).

Peloso the Slasher (Minotaur Fighter)               Turns: 4120, Time: 00:07:04

Health: 0/61       AC:  9    Str: 20    XL:     7   Next: 50%
Magic:  6/6        EV:  2    Int:  5    God:
Gold:   229        SH:  0    Dex: 18    Spells: 6/6 levels left

rFire   . . .        a - +0 long sword
rCold   . . .        d - +0 buckler
rNeg    . . .        b - +0 scale mail
rPois   .            (helmet restricted)
rElec   .            (no cloak)
rCorr   .            (no gloves)
SInv    .            c - +1 pair of boots
Will    .....        (no amulet)
Stlth   +            q - +6 ring of dexterity
HPRegen 0.30/turn    (no ring)
MPRegen 0.10/turn

%: no passive effects
@: paralysed, lethally poisoned (0 -> -6), slowed
A: horns 2, retaliatory headbutt
a: no special abilities


You were on level 5 of the Dungeon.
You visited 1 branch of the dungeon, and saw 5 of its levels.

You collected 229 gold pieces.

Inventory:

Hand Weapons
 a - a +0 long sword (weapon)
Armour
 b - a +0 scale mail (worn)
 c - a +1 pair of boots (worn)
 d - a +0 buckler (worn)
Jewellery
 q - a +6 ring of dexterity (left hand)
Scrolls
 e - 4 scrolls of blinking
 f - a scroll of teleportation
 g - a scroll of magic mapping
 h - 2 scrolls of identify
 j - 4 scrolls of poison {unknown}
 k - a scroll of enchant weapon
 m - a scroll of acquirement
 o - a scroll of fog {unknown}
 t - 2 scrolls of noise {unknown}
Potions
 i - 5 potions of heal wounds
 l - 4 potions of curing
 n - a potion of mutation
 p - a potion of brilliance {unknown}
 r - a potion of resistance {unknown}
 s - a potion of berserk rage {unknown}


   Skills:
 + Level 5.2 Fighting
 + Level 6.3 Long Blades
 + Level 6.0 Armour
 + Level 2.1 Dodging
 + Level 1.1 Stealth
 + Level 5.5 Shields


You had 6 spell levels left.
You didn't know any spells.
Your spell library contained the following spells:

 Spells                   Type           Power      Damage    Failure   Level
 Magic Dart               Conj           0%         1d3       86%         1
 Sandblast                Erth           0%         2d4       86%         1
 Call Imp                 Summ           0%         N/A       95%         2
 Passwall                 Tmut/Erth      0%         N/A       95%         2
 Searing Ray              Conj           0%         2d4       95%         2
 Mephitic Cloud           Conj/Pois/Air  0%         N/A       99%         3
 Stone Arrow              Conj/Erth      0%         3d7       99%         3
 Fulminant Prism          Conj/Hex       0%         3d5       100%        4


Dungeon Overview and Level Annotations

Branches:
Dungeon (5/15)
 Temple: D:4-7

Altars:
Ashenzari
Hepliaklqana
Nemelex Xobeh
Ru

Shops:
D:5 *

Annotations:
D:5 1 runed translucent door, Crazy Yiuf


Innate Abilities, Weirdness & Mutations

You have a pair of horns on your head.
You reflexively headbutt those who attack you in melee.


Message History

Found 7 gold pieces and a chain mail.
A hornet is nearby!
You slash the hornet!
You headbutt the hornet, but do no damage.
The hornet is moderately wounded.
You hear an angry buzzing noise.
You block the hornet's attack.
You hit the hornet. Your headbutt misses the hornet.
The hornet is heavily wounded.
The hornet stings you!
You are poisoned.
You feel yourself slow down. The hornet stings you!
You are more poisoned.
You feel as though you will be slow longer.
You feel better. The hornet closely misses you.
A vampire mosquito comes into view.
The hornet closely misses you.
Unknown command.
You barely miss the hornet.
The hornet is heavily wounded.
The ufetubus shouts!
You hear a shout!
You hear an angry hiss.
The hornet stings you but does no damage.
The hornet stings you.
You feel as though you will be slow longer.
Unknown command.
You closely miss the hornet.
The hornet is heavily wounded.
The hornet stings you!
You feel as though you will be slow longer.
The hornet stings you!
You suddenly lose the ability to move!
The hornet stings you!
* * * LOW HITPOINT WARNING * * *
You are lethally poisoned!
You feel as though you will be slow longer.
* * * LOW HITPOINT WARNING * * *
You feel very sick. The hornet stings you.
* * * LOW HITPOINT WARNING * * *
You feel as though you will be slow longer.
You die...

####..#..#.)##### #.#####
#####$....o#..#..†...# #....##
....#......#))#......# ####.##
....#..#####..#####..#########.##
....# #..#......#...........
....# #..#......#.########..
....# #..#..#####.# ##. ....#
#..#..# #.# ## ....# #..#.@# #.#
....# #..#..yy.[#.# #####
###.########..########.####...#
#.......>#..########....#...###
########.#..............+...'..
#.#.#########....#...### #.#.#
#......##........ #.#.#
#.#######.#...... ##### #.#.#
#.#.#####


You could see a hornet, a vampire mosquito and an orc.

Vanquished Creatures
  A black bear (D:5)
  An ogre (D:4)
  A phantom (D:5)
  A gnoll sergeant (D:5)
  A bullfrog (D:5)
  A scorpion (D:5)
  A howler monkey (D:5)
  3 hounds
  An iguana (D:4)
  A gnoll (D:5)
  7 adders
  A white imp (D:5)
  4 dart slugs
  7 orcs
  6 ball pythons
  7 endoplasms
  3 giant cockroaches
  10 goblins
  6 hobgoblins
  3 jackals (D:4)
  A quokka (D:1)
  13 bats
  2 frilled lizards (D:1)
  7 kobolds
  7 rats
96 creatures vanquished.

Notes
Turn   | Place    | Note
-------+----------+-------------------------------------------
     0 | D:1      | Peloso the Minotaur Fighter began the quest for the Orb.
     0 | D:1      | Reached XP level 1. HP: 19/19 MP: 0/0
    70 | D:1      | Reached XP level 2. HP: 27/27 MP: 1/1
   130 | D:1      | Found Poeguyge's Armour Shoppe.
   407 | D:1      | Reached XP level 3. HP: 33/33 MP: 2/2
   513 | D:1      | Found a faded altar of an unknown god.
   871 | D:2      | Identified the +2 leather armour "Yfrobug" {rElec rF- rN++
                  | Str+3}
   946 | D:2      | Found a broken altar of Ashenzari.
  1350 | D:2      | Reached XP level 4. HP: 40/40 MP: 3/3
  2240 | D:3      | Identified a scroll of acquirement
  2283 | D:4      | Noticed an ogre
  2475 | D:4      | Killed an ogre
  2476 | D:4      | Reached skill level 1 in Dodging
  2476 | D:4      | Reached XP level 5. HP: 47/47 MP: 4/4
  2536 | D:4      | Identified the +2 rapier "Kelaissy" {freeze, Drain Str+2
                  | Int+4}
  2871 | D:4      | Reached skill level 5 in Long Blades
  2871 | D:4      | Reached XP level 6. HP: 41/53 MP: 5/5
  2996 | D:5      | Entered Level 5 of the Dungeon
  3078 | D:5      | Found Agheot's Assorted Antiques.
  3089 | D:5      | Reached skill level 5 in Shields
  3110 | D:5      | Found a sacrificial altar of Ru.
  3112 | D:5      | Found a hazy altar of Hepliaklqana.
  3112 | D:5      | Found a sparkling altar of Nemelex Xobeh.
  3513 | D:5      | Found a runed translucent door.
  3514 | D:5      | Noticed Crazy Yiuf
  3620 | D:5      | Reached skill level 5 in Armour
  3862 | D:5      | Reached XP level 7. HP: 35/60 MP: 6/6
  3972 | D:5      | Reached skill level 5 in Fighting
  3972 | D:5      | Reached skill level 1 in Stealth
  4113 | D:5      | Noticed a hornet
  4116 | D:5      | Noticed a vampire mosquito
  4118 | D:5      | Paralysed by a hornet for 3 turns
  4119 | D:5      | HP: 1/61 [hornet (4)]
  4120 | D:5      | Succumbed to a hornet's poison

Illustrated notes

Levels and vault maps discovered:
D:1:      dpeg_arrival_signposts, layout_basic, serial_shops, shop,
          serial_forest, infiniplex_forest_clump_curved,
          infiniplex_forest_lined_room_2, infiniplex_forest_3_way,
          infiniplex_forest_lined_3, ebering_ecumenical_altar_ruins,
          bh_walls_and_bars
D:2:      layout_loops_cross, basic_altar
D:3:      layout_loops_cross
D:4:      layout_rooms
D:5:      kennysheep_windowed_halls, layout_basic,
          chequers_temple_overflow_statue_of_worship, serial_shops,
          nicolae_shop_tiny_statue_garden, uniq_crazy_yiuf_cottage

Skill      XL: |  1  2  3  4  5  6  7 |
---------------+----------------------+-----
Shields        | 4 5 |  5.5
Fighting       | 4 5 |  5.2
Armour         | 4 5 6 |  6.0
Long Blades    | 3 4 5 6 |  6.3
Dodging        | 1 2 |  2.1
Stealth        | 1 |  1.1

Action                     |  1- 3 |  4- 6 |  7- 9 || total
---------------------------+-------+-------+-------++-------
  Melee: Long sword        |    99 |   130 |    26 ||   255
         Headbutt          |    10 |    15 |     9 ||    34
    Use: Scroll            |     3 |     4 |       ||     7
         Potion            |     3 |     2 |     1 ||     6
 Armour: Scale mail        |    92 |    76 |     5 ||   173
  Dodge: Dodged            |    67 |    59 |    14 ||   140
  Block: Buckler           |    25 |    36 |     4 ||    65
